 Dungeon Crawl Stone Soup version 0.17.1-1-g73c8601 (console) character file.

662 Kloppie the Skirmisher (level 7, 0/67 HPs)
             Began as a Hill Orc Fighter on Dec 13, 2015.
             Slain by a gnoll
             ... wielding a +0 halberd
              (10 damage)
             ... on level 3 of the Dungeon.
             The game lasted 00:05:24 (3063 turns).

Kloppie the Skirmisher (Hill Orc Fighter)           Turns: 3063, Time: 00:05:24

Health: 0/67       AC:  9    Str: 21    XL:     7   Next: 56%
Magic:  7/7        EV:  2    Int:  8    God:
Gold:   174        SH:  9    Dex: 10    Spells: 0 memorised, 6 levels left

rFire  + . .     SeeInvis .     a - +1 war axe
rCold  . . .     Clarity  .     b - +0 scale mail
rNeg   . . .     SustAt   .     c - +0 shield
rPois  .         Gourm    .     (no helmet)
rElec  .         Spirit   .     m - +0 cloak
rCorr  .         Warding  .     n - +0 pair of gloves
rMut   .         Stasis   .     (no boots)
MR     .....                    p - amulet of inaccuracy (curse)
Stlth  ..........               k - ring of flight
                                h - ring of protection from fire

@: slowed, very slow, not resistant to hostile enchantments, extremely
unstealthy
A: no striking features
a: Evoke Flight


You were on level 3 of the Dungeon.
You were not hungry.

You visited 1 branch of the dungeon, and saw 5 of its levels.

You collected 185 gold pieces.
You spent 11 gold pieces at shops.

Inventory:

Hand Weapons
 a - a +1 war axe (weapon)
Armour
 b - a +0 scale mail (worn)
 c - a +0 shield (worn)
 m - a +0 cloak (worn)
 n - a +0 pair of gloves (worn)
Jewellery
 h - a ring of protection from fire (left hand)
 k - a ring of flight (right hand)
 p - a cursed amulet of inaccuracy (around neck)
Wands
 w - a wand of cold (7)
 x - a wand of lightning (13)
Scrolls
 q - a scroll of identify
Potions
 d - a potion of might
 i - a potion of flight
 r - a potion of resistance
Comestibles
 e - 3 bread rations
 f - a meat ration
 g - 2 chunks of flesh
 j - a fruit
 o - a slice of pizza


   Skills:
 + Level 7.8 Fighting
 + Level 7.7 Axes
 - Level 3.2 Armour
 - Level 3.2 Shields


You had 6 spell levels left.
You didn't know any spells.

Dungeon Overview and Level Annotations

Branches:
Dungeon (5/15)
 Temple: D:4-7

Altars:

Shops:
D:4 !


Message History

Drink which item? (? for menu, Esc to quit)
You feel better. The gnoll barely misses you. The gnoll closely misses you.
The gnoll barely misses you. x2
The gnoll closely misses you. You block the gnoll's attack. x2
A gnoll comes into view. It is wielding a whip.
The gnoll shouts!
You see here a curare-tipped needle.
The gnoll hits you but does no damage.
The kobold unwields an uncursed blowgun.
You block the kobold's attack.
Things that are here:
a mace; a ring mail You block the gnoll's attack.
There is a stone staircase leading down, spattered with blood here.
The gnoll hits you with a flail.
* * * LOW HITPOINT WARNING * * *
The kobold hits you but does no damage.
The gnoll hits you from afar with a halberd!
You die...

##.## #.).# #...# #...#### ###
.......# ..# ##### .......# #.#
#...# .......# #.###...###
#...#.## #.#.g.....#####.###
#...#.# #.#@gg.............
#...#.########.#.Kg....#(###.#.#
##.................(...((......#
####.############...###.###.###
...# ##### #.# ##### #.# #.# #.#
#..


You could see 4 gnolls and a kobold.

Vanquished Creatures
  Sigmund (D:3)
  An ogre (D:5)
  2 scorpions
  An orc priest (D:4)
  3 orc wizards (D:4)
  A worker ant (D:5)
  An iguana (D:3)
  8 adders
  2 oozes
  An adder skeleton (D:4)
  A worm (D:2)
  A giant gecko (D:1)
  15 orcs
  4 hobgoblins
  3 kobolds
  2 ball pythons
  6 bats
  2 giant cockroaches
  5 giant newts
  11 goblins
  4 jackals
  6 rats
81 creatures vanquished.

Notes
Turn   | Place    | Note
--------------------------------------------------------------
     0 | D:1      | Kloppie the Hill Orc Fighter began the quest for the Orb.
     0 | D:1      | Reached XP level 1. HP: 19/19 MP: 1/1
    34 | D:1      | Reached skill level 4 in Fighting
    34 | D:1      | Reached XP level 2. HP: 24/27 MP: 2/2
   635 | D:2      | Reached XP level 3. HP: 31/34 MP: 3/3
  1045 | D:2      | Reached XP level 4. HP: 41/41 MP: 4/4
  1087 | D:2      | Reached skill level 5 in Fighting
  1618 | D:3      | Noticed Sigmund
  1663 | D:3      | Reached skill level 5 in Axes
  1690 | D:3      | Reached XP level 5. HP: 36/48 MP: 5/5
  1751 | D:4      | Noticed an ogre
  1758 | D:5      | Entered Level 5 of the Dungeon
  1765 | D:5      | Killed an ogre
  1765 | D:5      | Reached skill level 6 in Fighting
  1765 | D:5      | Reached XP level 6. HP: 18/57 MP: 6/6
  2439 | D:4      | Reached skill level 7 in Fighting
  2439 | D:4      | Reached XP level 7. HP: 33/66 MP: 7/7
  2700 | D:4      | Found Batudgh's Distillery.
  2712 | D:4      | Bought a potion of degeneration for 11 gold pieces
  2910 | D:3      | Killed Sigmund
  3063 | D:3      | Slain by a gnoll

Action                   |  1- 3 |  4- 6 |  7- 9 || total
-------------------------+-------+-------+-------++-------
Melee: War axe           |    80 |   138 |    52 ||   270
  Use: Potion            |       |     6 |     2 ||     8
       Scroll            |       |       |     8 ||     8
  Eat: Chunk             |       |     5 |     3 ||     8
